 Dungeon Crawl Stone Soup version 0.31-a0-931-g7b59d4eb97 (webtiles) character file.

Game seed: 10612307174614928044

361 Persephone the Ruffian (level 6, -11/59 HPs)
             Began as a Troll Shapeshifter on Oct 19, 2023.
             Was an Initiate of Trog.
             Mangled by an ogre
             ... wielding a +0 giant club
              (29 damage)
             ... on level 4 of the Dungeon.
             The game lasted 00:05:03 (2489 turns).

Persephone the Ruffian (Troll Shapeshifter)         Turns: 2489, Time: 00:05:03

Health: -11/59     AC:  4    Str: 25    XL:     6   Next: 38%
Magic:  5/5        EV:  9    Int:  6    God:    Trog [......]
Gold:   223        SH:  0    Dex:  9    Spells: 5/5 levels left

rFire   . .          .
                       - Unarmed
rCold   . . .        (no shield)
rNeg    . . .        a - +0 animal skin
rPois   .            (helmet currently unavailable)
rElec   .            (cloak currently unavailable)
rCorr   .            (gloves unavailable)
SInv    .            (boots unavailable)
Will    .....        (no amulet)
Stlth   +            (no ring)
HPRegen 1.09/turn    (no ring)
MPRegen 0.09/turn

%: no passive effects
@: beast-form
A: beast (slay +2), large, unfitting armour, claws 3, regeneration 1, shaggy fur
1, tough skin 1
a: Begin Untransformation, Renounce Religion


You were on level 4 of the Dungeon.
You worshipped Trog.
Trog was noncommittal.
You were a hulking beast.
You visited 2 branches of the dungeon, and saw 5 of its levels.

You collected 223 gold pieces.

Inventory:

Armour
 a - a +0 animal skin (worn)
Talismans
 c - a beast talisman (active)
 d - a flux talisman
Wands
 k - a wand of mindburst (11)
Scrolls
 e - 3 scrolls of identify
 i - a scroll of teleportation
 l - 2 scrolls of revelation {unknown}
 m - a scroll of poison {unknown}
Potions
 b - a potion of lignification
 f - a potion of might {unknown}
 g - a potion of mutation
 h - a potion of berserk rage
 j - 3 potions of heal wounds {unknown}


   Skills:
 + Level 2.6 Fighting
 - Level 1.5 Dodging
 * Level 5.5 Unarmed Combat
 + Level 4.2 Shapeshifting


You had 5 spell levels left.
You didn't know any spells.
Your spell library contained the following spells:

 Spells                   Type           Power      Damage    Failure   Level
 Necrotise                Necr           0%         1d4       45%         1
 Shock                    Conj/Air       0%         1d3       45%         1
 Summon Guardian Golem    Hex/Summ       0%         N/A       83%         3
 Tukima's Dance           Hex            0%         N/A       83%         3
 Vampiric Draining        Necr           0%         2d6       83%         3
 Dimensional Bullseye     Hex/Tloc       0%         N/A       99%         4
 Iskenderun's Mystic Bla  Conj/Tloc      0%         2d3       99%         4
 Agony                    Necr           0%         N/A       100%        5
 Orb of Destruction       Conj           0%         9d5       100%        7
 Spellforged Servitor     Conj/Summ      0%         N/A       100%        7


Dungeon Overview and Level Annotations

Branches:
Dungeon (4/15)             Temple (1/1) D:4

Altars:
Elyvilon
Gozag
Makhleb
Nemelex Xobeh
Qazlal
Ru
Trog
Uskayaw
Vehumet
Wu Jian
Xom
Yredelemnul
Zin


Innate Abilities, Weirdness & Mutations

You are a hulking beast.
Your limbs bulge with bestial killing power. (Slay +2)
You are too large for most types of armour.
You have claws for hands.
Your natural rate of healing is unusually fast.
You are covered in fur. (AC +1)
You have tough skin. (AC +1)


Message History

No target in view!
No target in view!
No target in view!
Found a stone staircase leading up.
An ogre comes into view. It is wielding a +0 giant club.
The ogre shouts!
An ogre is nearby!
An ogre is nearby!
There is a stone staircase leading up here.
The ogre hits you with a +0 giant club!!
You are too injured to fight recklessly!
You are too injured to fight recklessly!
You are too injured to fight recklessly!
You are too injured to fight recklessly!
You are too injured to fight recklessly!
You are too injured to fight recklessly!
You are too injured to fight recklessly!
You are too injured to fight recklessly!
You are too injured to fight recklessly!
You are too injured to fight recklessly!
You are too injured to fight recklessly!
You are too injured to fight recklessly!
You are too injured to fight recklessly!
You are too injured to fight recklessly!
You are too injured to fight recklessly!
You scratch the ogre. You claw the ogre!
The ogre is heavily wounded.
The ogre barely misses you.
You barely miss the ogre.
The ogre is heavily wounded.
You barely miss the ogre.
The ogre is heavily wounded.
The ogre hits you with a +0 giant club!!
* * * LOW HITPOINT WARNING * * *
You scratch the ogre.
The ogre is heavily wounded.
You completely miss the ogre.
The ogre is heavily wounded.
The ogre hits you with a +0 giant club!!
You die...

#############
#...........#
#.#########.#
######.......>.#<#
...........### #h#
######.###.# #..O.......
######.###.###......####
....................#
######.###.###.....##
#.# #.# #.....#
######.###.###.#.###
......)........#.#
....#..##...####.#


You could see an ogre.

Vanquished Creatures
  A sky beast (D:4)
  A scorpion (D:4)
  An iguana (D:4)
  An orc wizard (D:3)
  7 gnolls
  2 adders
  A worm (D:2)
  A dart slug (D:2)
  2 orcs (D:3)
  3 ball pythons
  6 endoplasms
  A giant cockroach (D:4)
  8 goblins
  5 hobgoblins
  9 jackals
  2 quokkas (D:2)
  3 bats
  3 frilled lizards
  8 kobolds
  5 rats
70 creatures vanquished.

Notes
Turn   | Place    | Note
-------+----------+-------------------------------------------
     0 | D:1      | Persephone the Troll Shapeshifter began the quest for the
                  | Orb.
     0 | D:1      | Reached XP level 1. HP: 18/18 MP: 0/0
    20 | D:1      | Reached skill level 1 in Fighting
    20 | D:1      | Reached XP level 2. HP: 21/27 MP: 1/1
   156 | D:1      | Found a faded altar of an unknown god.
   162 | D:1      | Got Plato's Teachings on Momentum
   405 | D:1      | Reached XP level 3. HP: 33/33 MP: 2/2
   869 | D:2      | Reached skill level 4 in Unarmed Combat
   873 | D:2      | Reached XP level 4. HP: 35/41 MP: 3/3
  1039 | D:2      | Found a radiant altar of Vehumet.
  1616 | D:3      | Reached XP level 5. HP: 33/49 MP: 4/4
  1748 | D:3      | Found a glowing silver altar of Zin.
  2223 | D:4      | Noticed a sky beast
  2232 | D:4      | Killed a sky beast
  2233 | D:4      | Reached skill level 5 in Unarmed Combat
  2233 | D:4      | Reached XP level 6. HP: 47/59 MP: 5/5
  2309 | D:4      | Found a staircase to the Ecumenical Temple.
  2328 | Temple   | Entered the Ecumenical Temple
  2360 | Temple   | Became a worshipper of Trog the Wrathful
  2459 | D:4      | Identified the +6 quarterstaff of Rosew {drain, Drain
                  | +Blink rPois SInv}
  2489 | D:4      | Mangled by an ogre

Illustrated notes

Levels and vault maps discovered:
D:1:      doesnt_arrival_eight_statues, layout_basic,
          shapermc_ecumenical_altar_rom_forum, dk_noncrumbling_3
D:2:      layout_basic, basic_altar, nicolae_titane
D:3:      layout_basic, zin_statuary
D:4:      layout_loops_ring, minmay_temple_entry_offerings, serial_shops,
          nicolae_shop_waterfront
Temple:   minmay_temple_bridge_abc

Skill      XL: |  1  2  3  4  5 |
---------------+----------------+-----
Fighting       | 1 2 |  2.6
Unarmed Combat | 4 5 |  5.5
Shapeshifting  | 4 |  4.2
Dodging        | |  1.5

Action                     |  1- 3 |  4- 6 || total
---------------------------+-------+-------++-------
  Melee: Unarmed           |    83 |    73 ||   156
         Punch             |     2 |     2 ||     4
    Use: Scroll            |       |     5 ||     5
   Stab: Sleeping          |       |     1 ||     1
 Armour: Animal skin       |    66 |    43 ||   109
  Dodge: Dodged            |    41 |    16 ||    57

Table legend: (Time is in decaauts)
 A = Elapsed time spent in this place.
 B = Non-inter-level travel time spent in this place.
 C = Inter-level travel time spent in this place.
 D = Time resting spent in this place.
 E = Time spent auto-exploring this place.
 F = Levels seen in this place.
 G = Mean time per level.
                   A        B        C        D        E       F      G
               +--------+--------+--------+--------+--------+-----+--------+
         Total |   2476 |   2402 |     74 |      0 |   1976 |   5 |  495.2 |
       Dungeon |   2420 |   2368 |     52 |      0 |   1976 |   4 |  605.0 |
        Temple |     55 |     33 |     22 |      0 |      0 |   1 |   55.0 |
               +--------+--------+--------+--------+--------+-----+--------+

Top non-repeatable levels by time:
     D:3: 812 daAuts
     D:1: 715 daAuts
     D:2: 676 daAuts
     D:4: 215 daAuts
  Temple: 55 daAuts
